 Dungeon Crawl Stone Soup version 0.21-a0-442-g848f44b (webtiles) character file.

49 4thArraOfDagon the Slasher (level 3, -6/34 HPs)
             Began as a Naga Berserker on Nov 15, 2017.
             Was a Believer of Trog.
             Mangled by a gnoll
             ... wielding a +0 halberd
              (13 damage)
             ... on level 3 of the Dungeon.
             The game lasted 00:02:34 (493 turns).

4thArraOfDagon the Slasher (Naga Berserker)          Turns: 493, Time: 00:02:35

Health: -6/34      AC:  6    Str: 19    XL:     3   Next: 77%
Magic:  3/3        EV:  5    Int:  8    God:    Trog [**....]
Gold:   111        SH:  0    Dex: 10    Spells: 2/2 levels left

rFire    . . .     SeeInvis +   a - +0 falchion
rCold    . . .     Gourm    .   (no shield)
rNeg     . . .     Faith    .   e - +0 chain mail
rPois    +         Spirit   .   k - +1 hat
rElec    .         Reflect  .   (no cloak)
rCorr    .         Harm     .   (no gloves)
MR       ++...                  (no barding)
Stlth    ..........             (no amulet)
HPRegen  1.11/turn              (no ring)
MPRegen  0.08/turn              (no ring)

@: short of breath, regenerating, very slow
A: see invisible, deformed body, poison resistance, slowness 2, slow metabolism
1, spit poison 1, AC +1
a: Spit Poison, Berserk, Trog's Hand, Burn Spellbooks, Renounce Religion


You were on level 3 of the Dungeon.
You worshipped Trog.
Trog was pleased with you.
You were hungry.

You visited 1 branch of the dungeon, and saw 3 of its levels.

You collected 111 gold pieces.

Inventory:

Hand Weapons
 a - a +0 falchion (weapon)
Armour
 b - a +0 animal skin
 e - a +0 chain mail (worn)
 k - a +1 hat (worn)
Scrolls
 g - 2 scrolls of identify {unknown}
 j - a scroll of enchant armour {unknown}
 l - a scroll of amnesia {unknown}
Potions
 d - a potion of berserk rage {unknown}
 h - a potion of magic {unknown}
 i - a potion of agility {unknown}
 m - a potion of haste {unknown}
Comestibles
 c - 2 bread rations
 f - a royal jelly
 n - 3 chunks of flesh


   Skills:
 - Level 3.0 Fighting
 * Level 4.6 Long Blades
 - Level 1.5 Armour
 - Level 1.5 Dodging


You had 2 spell levels left.
You didn't know any spells.

Dungeon Overview and Level Annotations

Branches:
Dungeon (3/15)

Altars:
Nemelex Xobeh


Innate Abilities, Weirdness & Mutations

You cannot wear boots.
Your serpentine skin is tough. (AC +1)
You have supernaturally acute eyesight. (SInv)
Armour fits poorly on your strangely shaped body.
Your system is resistant to poisons. (rPois)
You cover ground very slowly.
You have a slow metabolism.
You can spit poison.


Message History

The gnoll closely misses you.
Unknown command.
Press: ? - help, Shift-Dir - straight line, f/p - gnoll
Aim: a gnoll, wielding a club The splash of poison misses the gnoll.
The splash of poison hits the gnoll.
The gnoll is poisoned.
The gnoll is moderately wounded.
You feel slightly more hungry.
The gnoll hits you from afar with a halberd!
Unknown command.
The gnoll shouts!
You hear a shout!
The gnoll hits you with a halberd!
* * * LOW HITPOINT WARNING * * *
Unknown command.
Unknown command.
Your skin crawls.
You feel resistant to hostile enchantments.
You are feeling hungry.
The gnoll hits you with a halberd!
You die...

..##..........# #.# ..
.###..........###?.# g
.##...............# .#
.........##.#..#### #.#
.#...##.###...g#####..#
.#.####.####...g.....#
.#.##.........###†..####..
...##.....†...####g.......
.####...........@gg[......
..............####........
..##..######### #....##..
..#..## #....# ? ....#
#....# ..### #....# ###
####.# ..


You could see 3 gnolls.

Vanquished Creatures
  An adder (D:2)
  2 dart slugs
  3 leopard geckos
  A ball python (D:2)
  5 bats
  2 giant cockroaches
  4 hobgoblins
  2 jackals (D:2)
  3 frilled lizards
  5 goblins (D:2)
  3 kobolds
  2 rats (D:2)
33 creatures vanquished.

Notes
Turn   | Place    | Note
-------+----------+-------------------------------------------
     0 | D:1      | 4thArraOfDagon the Naga Berserker began the quest for the Orb.
     0 | D:1      | Reached XP level 1. HP: 21/21 MP: 1/1
   129 | D:1      | Reached XP level 2. HP: 21/28 MP: 2/2
   221 | D:2      | Reached skill level 4 in Long Blades
   309 | D:2      | Reached XP level 3. HP: 28/34 MP: 3/3
   322 | D:2      | Reached ** piety under Trog
   451 | D:3      | Found a sparkling altar of Nemelex Xobeh.
   493 | D:3      | Mangled by a gnoll

Vault maps used:
D:1:      ncdulo_smallfort
D:2:      kennysheep_big_flooded_room
D:3:      nemelex_xobeh_ov_fountains_minmay, fedhas_altar_1

Skill      XL: |  1  2 |
---------------+-------+-----
Long Blades    | 4 |  4.6
Fighting       | |  3.0
Armour         | |  1.5
Dodging        | |  1.5

Action                   || total
-------------------------++-------
Melee: Falchion          ||   111
Invok: Berserk           ||     1
       Trog's Hand       ||     1
 Abil: Spit Poison       ||    15
Armor: Chain mail        ||   105
       Animal skin       ||     1
Dodge: Dodged            ||    28
       Rpst.: Falchion   ||    14

Table legend:
 A = Spawn XP
 B = Non-spawn XP
 C = Spawn XP percentage of total XP
 D = Spawn monster count
 E = Non-spawn monster count
 F = Spawn count percentage of total count
 G = Total turns spent on level
                    A         B        C        D         E        F      G
               +---------+---------+-------+---------+---------+-------+---------
         Total |       0 |      71 |   0.0 |       0 |      33 |   0.0 |   493
               +---------+---------+-------+---------+---------+-------+---------
           D:1 |       0 |      13 |   0.0 |       0 |       5 |   0.0 |   138
           D:2 |       0 |      53 |   0.0 |       0 |      23 |   0.0 |   288
           D:3 |       0 |       5 |   0.0 |       0 |       5 |   0.0 |    67
               +---------+---------+-------+---------+---------+-------+---------
